 Dungeon Crawl Stone Soup version 0.23.1 (webtiles) character file.

Game seed: 15647200015725152623

97 Borgoz the Skirmisher (level 4, -1/38 HPs)
             Began as a Ghoul Monk on Mar 16, 2019.
             Killed from afar by an orc wizard (4 damage)
             ... with a puff of frost
             ... on level 3 of the Dungeon.
             The game lasted 00:03:46 (2147 turns).

Borgoz the Skirmisher (Ghoul Monk)                  Turns: 2147, Time: 00:03:47

Health: -1/38      AC:  6    Str: 14    XL:     4   Next: 68%
Magic:  3/3        EV: 12    Int:  5    God:
Gold:   136        SH:  0    Dex: 12    Spells: 3/3 levels left

rFire    . . .     SeeInvis .   a - +0 short sword
rCold    + . .     Gourm    .   (no shield)
rNeg     + + +     Faith    .   k - +0 ring mail
rPois    ∞         Spirit   .   h - +1 hat
rElec    .         Reflect  .   (no cloak)
rCorr    .         Harm     .   (no gloves)
MR       .....                  (no boots)
Stlth    +.........             (no amulet)
HPRegen  0.00/turn              (no ring)
MPRegen  0.08/turn              (no ring)

@: flying, rotting
A: rotting body, claws 1, carnivore, cold resistance 1, negative energy
resistance 3, inhibited regeneration, torment resistance, unbreathing
a: no special abilities


You were on level 3 of the Dungeon.
You were not hungry.

You visited 1 branch of the dungeon, and saw 3 of its levels.

You collected 136 gold pieces.

Inventory:

Hand Weapons
 a - a +0 short sword (weapon)
 b - a +0 blowgun
Missiles
 i - 37 poisoned needles
 j - 7 javelins (quivered)
Armour
 h - a +1 hat (worn)
 k - a +0 ring mail (worn)
 u - a +0 robe
Scrolls
 d - 2 scrolls of remove curse {unknown}
 e - a scroll of amnesia {unknown}
 g - a scroll of teleportation {unknown}
 l - 4 scrolls of identify {unknown}
 p - a scroll of noise {unknown}
 r - a scroll of fog {unknown}
Potions
 f - a potion of flight
 m - a potion of cancellation {unknown}
 n - a potion of brilliance {unknown}
 o - a potion of curing {unknown}
 q - a potion of heal wounds {unknown}
 s - a potion of resistance {unknown}
Comestibles
 c - 5 rations


   Skills:
 + Level 3.5 Fighting
 * Level 3.3 Short Blades
 * Level 1.7 Armour
 * Level 3.3 Dodging
 + Level 2.7 Stealth


You had 3 spell levels left.
You didn't know any spells.
Your spell library was empty.

Dungeon Overview and Level Annotations

Branches:
Dungeon (3/15)

Altars:
Elyvilon
Xom


Innate Abilities, Weirdness & Mutations

Your body is rotting away.
You thrive on raw meat.
You are immune to poison.
You have sharp fingernails.
You are carnivorous and can eat meat at any time.
Your flesh is cold resistant. (rC+)
You are immune to negative energy. (rN+++)
You do not regenerate when monsters are visible.
You are immune to unholy pain and torment.
You can survive without breathing.


Message History

The orc wizard mumbles some strange words.
The orc wizard blinks!
You closely miss the orc wizard.
The orc wizard is almost dead.
The orc wizard barely misses you.
The orc wizard gestures at you while chanting.
The magic dart hits you.
* * * LOW HITPOINT WARNING * * *
You hit the orc wizard but do no damage.
The orc wizard is almost dead.
The orc wizard completely misses you.
Unknown command.
It was a potion of flight.
You feel very buoyant.
You fly up into the air.
The orc wizard hits you with a cursed -3 dagger.
* * * LOW HITPOINT WARNING * * *
The orc wizard casts a spell at you. The puff of frost hits you. You resist.
You die...

.# ##.....## ## #
.# ##.......##
.##.#
.###.........#
..#.#
...+....<....+
....
.###.........# ..#
.# ##.......##
###o##.# .#
##.....## #oo....#
.# ##...##
#o###### ## ##+##
#@# #.# #.#
########.# #.#
......##.## #.#
......#...## #.#
÷#.........#####.#
.#.##.#...#......#
.#.##.##.#.#######
...##.######


You could see 2 orc wizards and 2 orcs.

Vanquished Creatures
  4 adders
  An ooze (D:1)
  A worm (D:2)
  2 dart slugs (D:1)
  4 leopard geckos
  An orc (D:3)
  5 giant cockroaches
  5 goblins
  5 hobgoblins
  2 jackals (D:1)
  6 bats
  A frilled lizard (D:1)
  5 kobolds
  3 rats (D:1)
45 creatures vanquished.

Notes
Turn   | Place    | Note
-------+----------+-------------------------------------------
     0 | D:1      | Borgoz the Ghoul Monk began the quest for the Orb.
     0 | D:1      | Reached XP level 1. HP: 19/19 MP: 0/0
    65 | D:1      | Reached XP level 2. HP: 12/26 MP: 1/1
   253 | D:1      | Reached skill level 1 in Armour
   402 | D:1      | Reached XP level 3. HP: 26/31 MP: 2/2
  1556 | D:2      | Reached XP level 4. HP: 36/38 MP: 3/3
  1697 | D:2      | Found a white marble altar of Elyvilon.
  1918 | D:2      | Found a shimmering altar of Xom.
  2147 | D:3      | Killed from afar by an orc wizard

Skill      XL: |  1  2 |
---------------+-------+-----
Armour         | 1 |  1.7
Short Blades   | 3 |  3.3
Dodging        | 3 |  3.3
Fighting       | |  3.5
Stealth        | |  2.7

Action                   |  1- 3 |  4- 6 || total
-------------------------+-------+-------++-------
Melee: Short sword       |   186 |    82 ||   268
  Use: Potion            |       |     1 ||     1
 Stab: Sleeping          |     3 |       ||     3
       Distracted        |       |     1 ||     1
  Eat: Chunk             |    15 |     6 ||    21
Armor: Robe              |     6 |       ||     6
       Ring mail         |    45 |    37 ||    82
Dodge: Dodged            |   112 |    40 ||   152
